ESL (28 & UNDER)
PENQUANNOCK OVERRATED JETER @ READING RAINBOWS
06/16/2028
 
TOP OF THE 1ST
Penquannock Overrated Jeter batting - Pitching for Reading Rainbows : RHP Matt Barlow
Pitching: RHP Matt Barlow
Batting: RHB Aaron Holt 0-0: Ball
1-0: Ball
2-0: SINGLE (Groundball, 56S) (infield hit)
Batting: RHB Phil Wright 0-0: Ball
1-0: Ball
2-0: Fly out, F9 (Flyball, 9S)
Batting: RHB Bernardo Enríquez 0-0: Ball
1-0: Foul Ball, location: 2F
1-1: Foul Ball, location: 2F
1-2: Ball
2-2: SINGLE (Groundball, 34D)
Aaron Holt to second
Runner from 2nd tries for 3rd, SAFE, no throw
Batting: RHB Armando Pagán 0-0: Ball
1-0: Foul Ball, location: 2F
1-1: Ball
2-1: Foul Ball, location: 2F
2-2: Strikes out looking
Batting: RHB António Rodríguez 0-0: Ball
1-0: Ground out 4-3 (Groundball, 6MS)
Top of the 1st over - 0 run(s), 2 hit(s), 0 error(s), 2 left on base; Penquannock 0 - Reading 0
BOTTOM OF THE 1ST
Reading Rainbows batting - Pitching for Penquannock Overrated Jeter : RHP John Kelly
Pitching: RHP John Kelly
Batting: RHB Joe Land 0-0: Called Strike
0-1: Called Strike
0-2: Ground out U3 (Groundball, 34)
Batting: RHB Juan Magdayao 0-0: Ball
1-0: Ball
2-0: Foul Ball, location: 2F
2-1: Swinging Strike
2-2: Foul Ball, location: 2F
2-2: Strikes out swinging
Batting: RHB José Ortega 0-0: Called Strike
0-1: Ball
1-1: Ball
2-1: Called Strike
2-2: Foul Ball, location: 2F
2-2: SINGLE (Flyball, 78S)
Batting: RHB Ethan Moore 0-0: Swinging Strike
0-1: Ball
1-1: Ground out 5-3 (Groundball, 56)
Bottom of the 1st over - 0 run(s), 1 hit(s), 0 error(s), 1 left on base; Penquannock 0 - Reading 0
TOP OF THE 2ND
Penquannock Overrated Jeter batting - Pitching for Reading Rainbows : RHP Matt Barlow
Batting: LHB Tony Green 0-0: Swinging Strike
0-1: Ball
1-1: Ball
2-1: Ball
3-1: Called Strike
3-2: Strikes out swinging
Batting: RHB José Velásquez 0-0: SINGLE (Groundball, 34D)
Batting: RHB Manny Perea 0-0: Ball
1-0: Swinging Strike
1-1: Called Strike
1-2: Ball
2-2: Foul Ball, location: 2F
2-2: Ball
3-2: Strikes out swinging
Batting: LHB Matt Reese 0-0: Called Strike
0-1: Ball
José Velásquez is caught stealing 2nd base
Top of the 2nd over - 0 run(s), 1 hit(s), 0 error(s), 0 left on base; Penquannock 0 - Reading 0
BOTTOM OF THE 2ND
Reading Rainbows batting - Pitching for Penquannock Overrated Jeter : RHP John Kelly
Batting: LHB Shane Lynch 0-0: Foul Ball, location: 2F
0-1: Ball
1-1: Ball
2-1: Ground out 5-3 (Groundball, 25)
Batting: RHB Jeff Townsley 0-0: Ball
1-0: Ground out 1-3 (Groundball, P)
Batting: RHB José Moreno 0-0: Called Strike
0-1: Ball
1-1: Ball
2-1: Foul Ball, location: 2F
2-2: Strikes out looking
Bottom of the 2nd over - 0 run(s), 0 hit(s), 0 error(s), 0 left on base; Penquannock 0 - Reading 0
TOP OF THE 3RD
Penquannock Overrated Jeter batting - Pitching for Reading Rainbows : RHP Matt Barlow
Batting: LHB Matt Reese 0-0: Foul Ball, location: 2F
0-1: Swinging Strike
0-2: Strikes out swinging
Batting: RHB Aaron Holt 0-0: Ball
1-0: Ball
2-0: Called Strike
2-1: Swinging Strike
2-2: Ball
3-2: Foul Ball, location: 2F
3-2: Ground out 4-3 (Groundball, 4)
Batting: RHB Phil Wright 0-0: Ball
1-0: Ball
2-0: Ground out 4-3 (Groundball, 4)
Top of the 3rd over - 0 run(s), 0 hit(s), 0 error(s), 0 left on base; Penquannock 0 - Reading 0
BOTTOM OF THE 3RD
Reading Rainbows batting - Pitching for Penquannock Overrated Jeter : RHP John Kelly
Batting: RHB Germán Romero 0-0: Called Strike
0-1: Swinging Strike
0-2: Strikes out swinging
Batting: SHB Dan Chandler 0-0: Ball
1-0: Ball
2-0: Called Strike
2-1: Called Strike
2-2: Ball
3-2: Foul Ball, location: 2F
3-2: Base on Balls
Batting: RHB Joe Land 0-0: Ball
1-0: Ball
2-0: Fly out, F9 (Flyball, 9)
Batting: RHB Juan Magdayao 0-0: Ball
1-0: DOUBLE (Line Drive, 78M)
Dan Chandler to third
Runner from 3rd tries for Home, SAFE, no throw
Batting: RHB José Ortega 0-0: Ball
1-0: Ball
2-0: Swinging Strike
2-1: Foul Ball, location: 2F
2-2: Strikes out swinging
Bottom of the 3rd over - 1 run(s), 1 hit(s), 0 error(s), 1 left on base; Penquannock 0 - Reading 1
TOP OF THE 4TH
Penquannock Overrated Jeter batting - Pitching for Reading Rainbows : RHP Matt Barlow
Batting: RHB Bernardo Enríquez 0-0: Ball
1-0: Ball
2-0: Fly out, F8 (Flyball, 89S)
Batting: RHB Armando Pagán 0-0: Ball
1-0: Foul Ball, location: 2F
1-1: Foul Ball, location: 2F
1-2: Ball
2-2: Ball
3-2: Foul Ball, location: 2F
3-2: Base on Balls
Batting: RHB António Rodríguez 0-0: Ball
1-0: Called Strike
1-1: Called Strike
Armando Pagán steals 2nd base
1-2: Foul Ball, location: 2F
1-2: Ball
2-2: Foul Ball, location: 2F
2-2: Ball
3-2: Base on Balls
Batting: LHB Tony Green 0-0: Grounds into double play, 3-6-3 (Groundball, 34)
Top of the 4th over - 0 run(s), 0 hit(s), 0 error(s), 1 left on base; Penquannock 0 - Reading 1
BOTTOM OF THE 4TH
Reading Rainbows batting - Pitching for Penquannock Overrated Jeter : RHP John Kelly
Batting: RHB Ethan Moore 0-0: DOUBLE (Line Drive, 8LD)
Batting: LHB Shane Lynch 0-0: Called Strike
0-1: Ground out 5-3 (Groundball, 56)
Batting: RHB Jeff Townsley 0-0: Called Strike
0-1: Swinging Strike
0-2: Ball
1-2: Ball
2-2: 2-RUN HOME RUN (Flyball, 7LD), Distance : 378 ft
Batting: RHB José Moreno 0-0: Called Strike
0-1: Reached on error, E5 (Groundball, 5)
Batting: RHB Germán Romero 0-0: Ball
1-0: Called Strike
José Moreno is caught stealing 2nd base
1-1: Ball
2-1: Ball
3-1: Fly out, F8 (Line Drive, 8RXD)
Bottom of the 4th over - 2 run(s), 2 hit(s), 1 error(s), 0 left on base; Penquannock 0 - Reading 3
TOP OF THE 5TH
Penquannock Overrated Jeter batting - Pitching for Reading Rainbows : RHP Matt Barlow
Batting: RHB José Velásquez 0-0: Called Strike
0-1: Fly out, F8 (Flyball, 78M)
Batting: RHB Manny Perea 0-0: Ball
1-0: Ball
2-0: Called Strike
2-1: Ball
3-1: Base on Balls
Batting: LHB Matt Reese 0-0: Swinging Strike
0-1: Ball
1-1: Foul Ball, location: 2F
1-2: Fly out, F7 (Flyball, 7LS)
Batting: RHB Aaron Holt 0-0: Called Strike
0-1: Ball
1-1: Foul Ball, location: 2F
1-2: Ball
2-2: Ball
3-2: Strikes out swinging
Top of the 5th over - 0 run(s), 0 hit(s), 0 error(s), 1 left on base; Penquannock 0 - Reading 3
BOTTOM OF THE 5TH
Reading Rainbows batting - Pitching for Penquannock Overrated Jeter : RHP John Kelly
Batting: SHB Dan Chandler 0-0: Called Strike
0-1: Ground out 4-3 (Groundball, 4)
Batting: RHB Joe Land 0-0: Called Strike
0-1: Called Strike
0-2: Ball
1-2: Strikes out looking
Batting: RHB Juan Magdayao 0-0: Called Strike
0-1: SINGLE (Groundball, 4MD)
Pitching: RHP Leonard Christensen
Batting: RHB José Ortega 0-0: Ball
1-0: Ball
2-0: Ball
3-0: Base on Balls
Juan Magdayao to second
Batting: RHB Ethan Moore 0-0: Called Strike
0-1: Ball
1-1: Ball
2-1: Fielders Choice at 2nd, 6-4 (Groundball, 6)
Bottom of the 5th over - 0 run(s), 1 hit(s), 0 error(s), 1 left on base; Penquannock 0 - Reading 3
TOP OF THE 6TH
Penquannock Overrated Jeter batting - Pitching for Reading Rainbows : RHP Matt Barlow
Batting: RHB Phil Wright 0-0: Ball
1-0: Swinging Strike
1-1: Ball
2-1: SINGLE (Groundball, 6MD)
Batting: RHB Bernardo Enríquez 0-0: Foul Ball, location: 2F
0-1: Called Strike
0-2: Ball
1-2: Ball
Wild Pitch!
Phil Wright to second
2-2: Ground out 3-1 (Groundball, 34S)
Phil Wright to third
Batting: RHB Armando Pagán 0-0: Called Strike
0-1: Ball
1-1: Ball
2-1: Ball
3-1: Fly out, F9 (Flyball, 9LS)
Pitching: RHP Cory Powell
Batting: RHB António Rodríguez 0-0: Ball
1-0: Ball
2-0: Ball
3-0: Foul Ball, location: 2F
3-1: Called Strike
3-2: Foul Ball, location: 2F
3-2: Foul Ball, location: 2F
3-2: Base on Balls
Batting: LHB Tony Green 0-0: Ball
1-0: Ball
2-0: Foul Ball, location: 2F
2-1: Ball
3-1: Base on Balls
António Rodríguez to second
Batting: RHB José Velásquez 0-0: Ball
1-0: Ball
2-0: Ground out 5-3 (Groundball, 56)
Top of the 6th over - 0 run(s), 1 hit(s), 0 error(s), 3 left on base; Penquannock 0 - Reading 3
BOTTOM OF THE 6TH
Reading Rainbows batting - Pitching for Penquannock Overrated Jeter : RHP Leonard Christensen
Batting: LHB Shane Lynch 0-0: Swinging Strike
0-1: Ball
1-1: Ball
2-1: Called Strike
2-2: Ball
3-2: Ground out U3 (Groundball, 34)
Batting: RHB Jeff Townsley 0-0: Ground out 6-3 (Groundball, 6)
Batting: RHB José Moreno 0-0: Called Strike
0-1: Swinging Strike
0-2: Ball
1-2: Foul Ball, location: 2F
1-2: Strikes out swinging
Bottom of the 6th over - 0 run(s), 0 hit(s), 0 error(s), 0 left on base; Penquannock 0 - Reading 3
TOP OF THE 7TH
Penquannock Overrated Jeter batting - Pitching for Reading Rainbows : RHP Cory Powell
Batting: RHB Manny Perea 0-0: Called Strike
0-1: Ball
1-1: Swinging Strike
1-2: Foul Ball, location: 2F
1-2: Ball
2-2: Foul Ball, location: 2F
2-2: Foul Ball, location: 2F
2-2: SINGLE (Groundball, 6MD)
Batting: LHB Matt Reese 0-0: Ball
1-0: Ball
2-0: Called Strike
2-1: Swinging Strike
2-2: Ball
Wild Pitch!
Manny Perea to second
3-2: Foul Ball, location: 2F
3-2: Foul Ball, location: 2F
3-2: Strikes out swinging
Batting: RHB Aaron Holt 0-0: Called Strike
0-1: Ball
1-1: Swinging Strike
1-2: Strikes out looking
Batting: RHB Phil Wright 0-0: Called Strike
0-1: Ground out 4-3 (Groundball, 4M)
Top of the 7th over - 0 run(s), 1 hit(s), 0 error(s), 1 left on base; Penquannock 0 - Reading 3
BOTTOM OF THE 7TH
Reading Rainbows batting - Pitching for Penquannock Overrated Jeter : RHP Leonard Christensen
Batting: RHB Germán Romero 0-0: Ball
1-0: Called Strike
1-1: Ground out 6-3 (Groundball, 6)
Batting: SHB Dan Chandler 0-0: Called Strike
0-1: Ball
1-1: Ball
2-1: Foul Ball, location: 2F
2-2: Fly out, F8 (Flyball, 89M)
Batting: RHB Joe Land 0-0: Called Strike
0-1: Foul Ball, location: 2F
0-2: Ball
1-2: Strikes out swinging
Bottom of the 7th over - 0 run(s), 0 hit(s), 0 error(s), 0 left on base; Penquannock 0 - Reading 3
TOP OF THE 8TH
Penquannock Overrated Jeter batting - Pitching for Reading Rainbows : RHP Cory Powell
Batting: RHB Bernardo Enríquez 0-0: Ball
1-0: Ground out 4-3 (Groundball, 34)
Batting: RHB Armando Pagán 0-0: Ball
1-0: Called Strike
1-1: Ball
2-1: Ball
3-1: DOUBLE (Groundball, 5L)
Pitching: RHP Lane Lund
Batting: RHB António Rodríguez 0-0: Called Strike
0-1: Ball
1-1: Ball
2-1: Foul Ball, location: 2F
2-2: SINGLE (Line Drive, 7S)
Armando Pagán to third
Runner from 3rd tries for Home, SAFE, no throw
Batting: LHB Tony Green 0-0: Called Strike
0-1: Ball
1-1: Ball
2-1: Ball
3-1: Foul Ball, location: 2F
3-2: Base on Balls
António Rodríguez to second
Batting: RHB José Velásquez 0-0: Called Strike
0-1: SINGLE (Groundball, 6MD)
António Rodríguez to third
Tony Green to second
Runner from 3rd tries for Home, SAFE, throw made home
Tony Green to third
José Velásquez to second
Batting: RHB Manny Perea 0-0: Foul Ball, location: 2F
0-1: Ball
1-1: Ball
2-1: Foul Ball, location: 2F
2-2: Foul Ball, location: 2F
2-2: Strikes out looking
Batting: LHB Matt Reese 0-0: Ball
1-0: Ball
2-0: Called Strike
2-1: Swinging Strike
2-2: 3-RUN HOME RUN (Line Drive, 89XD), Distance : 409 ft
Pitching: RHP Luis Silva
Batting: RHB Aaron Holt 0-0: Ball
1-0: Ball
2-0: Called Strike
2-1: Foul Ball, location: 2F
2-2: Ball
3-2: Strikes out swinging
Top of the 8th over - 5 run(s), 4 hit(s), 0 error(s), 0 left on base; Penquannock 5 - Reading 3
BOTTOM OF THE 8TH
Reading Rainbows batting - Pitching for Penquannock Overrated Jeter : RHP Leonard Christensen
Batting: RHB Juan Magdayao 0-0: Ball
1-0: Ball
2-0: Foul Ball, location: 2F
2-1: Called Strike
2-2: Ground out 5-3 (Groundball, 5D)
Batting: RHB José Ortega 0-0: Ball
1-0: Foul Ball, location: 2F
1-1: Swinging Strike
1-2: Ball
2-2: Foul Ball, location: 2F
2-2: Fly out, F9 (Flyball, 9S)
Batting: RHB Ethan Moore 0-0: Ball
1-0: Called Strike
1-1: Foul Ball, location: 2F
1-2: Fly out, F9 (Flyball, 9S)
Bottom of the 8th over - 0 run(s), 0 hit(s), 0 error(s), 0 left on base; Penquannock 5 - Reading 3
TOP OF THE 9TH
Penquannock Overrated Jeter batting - Pitching for Reading Rainbows : RHP Luis Silva
Batting: RHB Phil Wright 0-0: Called Strike
0-1: Foul Ball, location: 2F
0-2: Strikes out swinging
Batting: RHB Bernardo Enríquez 0-0: Ball
1-0: DOUBLE (Flyball, 78D)
Batting: RHB Armando Pagán 0-0: Ball
1-0: Ball
2-0: Ball
3-0: Called Strike
3-1: SINGLE (Groundball, 6MD)
Bernardo Enríquez to third
Runner from 3rd tries for Home, SAFE, throw made home
Armando Pagán to second
Batting: RHB António Rodríguez 0-0: Ball
1-0: Foul Ball, location: 2F
1-1: Ball
2-1: SINGLE (Flyball, 89S)
Armando Pagán to third
Runner from 3rd tries for Home, SAFE, no throw
Batting: LHB Tony Green 0-0: SINGLE (Flyball, 8LS)
António Rodríguez to second
Batting: RHB José Velásquez 0-0: Ball
1-0: Ball
2-0: Foul Ball, location: 2F
2-1: Ball
3-1: Base on Balls
António Rodríguez to third
Tony Green to second
Batting: RHB Manny Perea 0-0: Called Strike
0-1: Ball
1-1: DOUBLE (Line Drive, 78XD)
António Rodríguez scores
Tony Green scores
José Velásquez to third
Runner from 3rd tries for Home, SAFE, no throw
Batting: LHB Matt Reese 0-0: Ball
1-0: Ball
2-0: Called Strike
2-1: Foul Ball, location: 2F
2-2: Foul Ball, location: 2F
2-2: Ball
3-2: Foul Ball, location: 2F
3-2: Ground out U3 (Groundball, 3L)
Manny Perea to third
Batting: RHB Aaron Holt 0-0: Ball
1-0: Called Strike
1-1: Ball
2-1: Ball
3-1: Fly out, F9 (Line Drive, 9S)
Top of the 9th over - 5 run(s), 5 hit(s), 0 error(s), 1 left on base; Penquannock 10 - Reading 3
BOTTOM OF THE 9TH
Reading Rainbows batting - Pitching for Penquannock Overrated Jeter : RHP Leonard Christensen
Batting: LHB Shane Lynch 0-0: Fly out, F8 (Flyball, 8RD)
Batting: RHB Jeff Townsley 0-0: Ball
1-0: Called Strike
1-1: Swinging Strike
1-2: Foul Ball, location: 2F
1-2: Ball
2-2: Foul Ball, location: 2F
2-2: Ground out 6-3 (Groundball, 6MS)
Batting: RHB José Moreno 0-0: Called Strike
0-1: Called Strike
0-2: Foul Ball, location: 2F
0-2: Fly out, F7 (Flyball, 7)
Bottom of the 9th over - 0 run(s), 0 hit(s), 0 error(s), 0 left on base; Penquannock 10 - Reading 3
Tuesday, August 8th, 2017 - OOTP Baseball 17.12 Build 75